 Dungeon Crawl Stone Soup version 0.17.1-1-g73c8601 (webtiles) character file.

329 Flanowski the Sneak (level 6, -1/32 HPs)
             Began as a Vine Stalker Assassin on Jan 1, 2016.
             Slain by a giant frog (6 damage)
             ... in a sewer.
             The game lasted 00:07:49 (2927 turns).

Flanowski the Sneak (Vine Stalker Assassin)         Turns: 2927, Time: 00:07:50

Health: -1/32      AC:  7    Str: 13    XL:     6   Next: 51%
Magic:  0/7        EV: 13    Int: 11    God:
Gold:   181        SH:  0    Dex: 18    Spells: 0 memorised, 5 levels left

rFire  . . .     SeeInvis .     a - +2 dagger
rCold  . . .     Clarity  .     c - +0 robe
rNeg   . . .     SustAt   .     (no shield)
rPois  .         Gourm    .     y - +2 hat {MR+}
rElec  .         Spirit   +     d - +0 cloak
rCorr  .         Warding  .     (no gloves)
rMut   .         Stasis   .     k - +1 pair of boots {Stlth+}
MR     +....                    (no amulet)
Stlth  ++........               (no ring)
                                (no ring)

@: somewhat resistant to hostile enchantments, unstealthy
A: fangs 2, regeneration 2, magic shield, antimagic bite, no device heal 3, rot
immunity
a: no special abilities


You were in a sewer.
You were not hungry.

You visited 1 branch of the dungeon, and saw 4 of its levels.
You also visited: Sewer.

You collected 181 gold pieces.

Inventory:

Hand Weapons
 a - a +2 dagger (weapon)
 b - a +0 blowgun
Missiles
 e - 29 poisoned needles
 f - 2 curare-tipped needles
Armour
 c - a +0 robe (worn)
 d - a +0 cloak (worn)
 k - a +1 pair of boots of stealth (worn)
 y - a +2 hat of magic resistance (worn)
Scrolls
 h - a scroll of remove curse {unknown}
 l - a scroll of identify
 m - a scroll of random uselessness {unknown}
 o - 3 scrolls of recharging {unknown}
 r - 2 scrolls of teleportation {unknown}
 s - a scroll of enchant armour {unknown}
 v - 2 scrolls of magic mapping {unknown}
 z - a scroll of fog {unknown}
Potions
 i - 2 potions of brilliance {unknown}
 p - a potion of mutation {unknown}
 q - a potion of cancellation {unknown}
 u - a potion of lignification {unknown}
 w - a potion of invisibility {unknown}
 x - a potion of resistance {unknown}
 A - a potion of magic {unknown}
 B - a potion of haste {unknown}
 C - a potion of heal wounds
Books
 t - a book of Unlife

   Spells                             Type                      Level
   a - Recall                         Summoning/Translocation      3
   b - Animate Dead                   Necromancy                   4
   c - Control Undead                 Necromancy                   4
   d - Cigotuvi's Embrace             Necromancy                   5
   e - Death Channel                  Necromancy                   6
   f - Simulacrum                     Ice/Necromancy               6
Comestibles
 g - 6 bread rations
 j - 3 meat rations
 n - 5 fruits


   Skills:
 + Level 2.4 Fighting
 + Level 2.4 Short Blades
 + Level 1.7 Throwing
 * Level 2.7 Dodging
 + Level 7.7 Stealth


You had 5 spell levels left.
You didn't know any spells.

Dungeon Overview and Level Annotations

Branches:
Dungeon (4/15)
 Temple: D:4-7

Altars:
Qazlal
The Shining One


Innate Abilities, Weirdness & Mutations

You have extremely sharp teeth.
You heal very quickly.
When hurt, damage is shared between your health and your magic reserves.
Your bite disrupts and absorbs the magic of your enemies.
Potions and wands cannot restore your health.
You are immune to rotting.


Message History

The giant frog hits you. The ball python barely misses you.
The ball python closely misses you.
Unknown command.
The ball python barely misses you. x2
The giant frog misses you. The giant frog completely misses you.
The ball python closely misses you. The ball python barely misses you.
The giant frog hits you. x2
The ball python closely misses you. The ball python grabs you.
The ball python constricts you. The giant frog hits you.
The giant frog misses you.
You escape the ball python's grasp.
The giant frog hits you but does no damage.
The giant frog misses you. The giant frog hits you!
* * * LOW HITPOINT WARNING * * *
The giant frog hits you.
* * * LOW HITPOINT WARNING * * *
Unknown command.
The ball python bites you but does no damage.
The ball python barely misses you. The giant frog hits you.
You die...

........##†......†#
......####'#...†..##
.....## #..##......#
≈≈≈≈≈# #..##≈≈≈≈≈≈#
≈≈≈≈≈# #####≈≈≈≈≈≈#
≈≈≈≈≈# #≈≈≈≈≈≈#
≈≈≈≈≈# #≈≈≈≈≈≈#
≈≈≈≈≈# #≈≈≈≈≈≈#
≈≈†≈≈# #≈≈≈@≈≈#
≈††≈≈# #≈≈FFS≈#
≈†(†≈# #≈≈≈S≈≈#
≈≈≈†≈# #≈≈≈≈≈≈#
≈≈≈≈≈# #≈≈≈≈≈≈#
≈≈≈≈≈# #≈≈≈≈≈≈#
≈≈≈≈≈# #≈≈≈≈≈≈#
≈≈≈≈≈# #≈≈≈≈≈≈#
≈≈≈≈≈# #≈≈≈≈≈≈#


You could see 2 giant frogs and 2 ball pythons.

Vanquished Creatures
  Crazy Yiuf (D:2)
  Ijyb (D:2)
  A worker ant (D:4)
  3 river rats (Sewer)
  13 adders
  An ooze (Sewer)
  An adder skeleton (D:4)
  2 worms
  5 giant geckos
  2 orcs
  15 ball pythons
  6 bats
  4 giant cockroaches
  10 goblins
  9 hobgoblins
  A quokka (D:2)
  5 giant newts
  5 kobolds
  29 rats
114 creatures vanquished.

Notes
Turn   | Place    | Note
--------------------------------------------------------------
     0 | D:1      | Flanowski the Vine Stalker Assassin began the quest for the Orb.
     0 | D:1      | Reached XP level 1. HP: 11/11 MP: 2/2
   151 | D:1      | Reached skill level 5 in Stealth
   242 | D:1      | Reached XP level 2. HP: 15/15 MP: 3/3
   660 | D:2      | Reached skill level 1 in Dodging
   739 | D:2      | Reached XP level 3. HP: 15/18 MP: 4/4
   879 | D:2      | Noticed Ijyb
   896 | D:2      | Reached skill level 6 in Stealth
  1028 | D:2      | Killed Ijyb
  1028 | D:2      | Reached XP level 4. HP: 23/23 MP: 5/5
  1211 | D:2      | Noticed Crazy Yiuf
  1215 | D:2      | Killed Crazy Yiuf
  1215 | D:2      | Reached skill level 7 in Stealth
  1215 | D:2      | Reached XP level 5. HP: 26/26 MP: 6/6
  1740 | D:3      | Found a stormy altar of Qazlal.
  1881 | D:3      | Found a faded altar to an unknown god.
  2106 | D:3      | Found a glowing golden altar of the Shining One.
  2357 | D:4      | Gained mutation: You heal very quickly. [Vine Stalker growth]
  2357 | D:4      | Reached XP level 6. HP: 20/31 MP: 5/7
  2370 | D:4      | Found a glowing drain.
  2412 | Sewer    | Entered a sewer
  2927 | Sewer    | Slain by a giant frog

Action                   |  1- 3 |  4- 6 || total
-------------------------+-------+-------++-------
Melee: Dagger            |    89 |   253 ||   342
  Use: Scroll            |       |     2 ||     2
 Stab: Sleeping          |    17 |    18 ||    35
       Distracted        |     1 |       ||     1
  Eat: Chunk             |       |     3 ||     3
       Bread ration      |       |     1 ||     1
